 Dungeon Crawl Stone Soup version 0.16.1-5-gaa23807 (console) character file.

53 Monkaria the Skirmisher (level 3, -2/33 HPs)
             Began as a Minotaur Skald on Mar 28, 2015.
             Was an Initiate of Nemelex Xobeh.
             Killed from afar by a twister (4 damage)
             ... with a tornado
             ... summoned by the player character
             ... on level 2 of the Dungeon.
             The game lasted 00:01:23 (724 turns).

Monkaria the Skirmisher (Minotaur Skald)             Turns: 724, Time: 00:01:23

Health: -2/33      AC:  3    Str: 17    XL:     3   Next: 62%
Magic:  3/3        EV: 11    Int:  9    God:    Nemelex Xobeh [......]
Gold:   97         SH:  0    Dex:  9    Spells: 1 memorised, 3 levels left

rFire  . . .     SeeInvis .     a - +0 falchion
rCold  . . .     Clarity  .     b - +0 leather armour
rNeg   . . .     SustAb   .     (no shield)
rPois  +         Gourm    .     (helmet restricted)
rElec  .         Spirit   .     (no cloak)
rCorr  .         Warding  .     (no gloves)
rMut   .         Stasis   .     (no boots)
MR     .....                    (no amulet)
Stlth  +.........               p - ring of flight
                                e - ring of poison resistance

@: flying (expiring), not resistant to hostile enchantments, very unstealthy
A: retaliatory headbutt, horns 2
a: Renounce Religion


You were on level 2 of the Dungeon.
You worshipped Nemelex Xobeh.
Nemelex Xobeh was noncommittal.
You were not hungry.

You visited 1 branch of the dungeon, and saw 2 of its levels.

You collected 97 gold pieces.

Inventory:

Hand weapons
 a - a +0 falchion (weapon)
Armour
 b - a +0 leather armour (worn)
Jewellery
 e - a ring of poison resistance (left hand)
 p - a ring of flight (right hand)
Scrolls
 g - a scroll of fog {unknown}
 h - a scroll of remove curse {unknown}
 i - a scroll of blinking {unknown}
 j - a scroll of immolation {unknown}
 m - a scroll of recharging {unknown}
 q - a scroll of identify {unknown}
Potions
 f - a potion of mutation {unknown}
 k - a potion of might {unknown}
 l - a potion of beneficial mutation {unknown}
 o - 2 potions of haste {unknown}
Books
 c - a book of Battle

   Spells                             Type                      Level
   a - Infusion                       Charms                       1
   b - Shroud of Golubria             Charms/Translocation         2
   c - Song of Slaying                Charms                       2
   d - Spectral Weapon                Hexes/Charms                 3
   e - Regeneration                   Charms/Necromancy            3
Miscellaneous
 r - a plain deck of destruction {drawn: 1}
Comestibles
 d - a bread ration
 n - a chunk of flesh


   Skills:
 - Level 4.1 Fighting
 + Level 3.5 Long Blades
 - Level 1.2 Armour
 - Level 1.1 Dodging
 - Level 1.3 Spellcasting
 - Level 2.0 Charms


You had 3 spell levels left.
You knew the following spells:

 Your Spells              Type           Power        Failure   Level  Hunger
a - Infusion              Chrm           #.....       21%         1    ##.....


Dungeon Overview and Level Annotations

Branches:
Dungeon (2/15)

Altars:
Nemelex Xobeh
Qazlal

Annotations:
D:2 Crazy Yiuf


Innate Abilities, Weirdness & Mutations

You reflexively headbutt those who attack you in melee.
You have a pair of horns on your head.


Message History

p - a ring of flight (right hand) Unknown command.
You see here a plain deck of destruction.
r - a plain deck of destruction Crazy Yiuf hits you with a quarterstaff of chaos.
Evoke which item? (* to show all) (? for menu, Esc to quit)
You draw a card...
It is the Storm.
The vortex of raging winds lifts you up.
You fly up into the air.
A tornado forms.
You are engulfed in raging winds.
Crazy Yiuf hits you but does no damage.
You swap places.
You float gracefully downwards.
The vortex of raging winds lifts you up.
You fly up into the air.
Ouch! That really hurt!
* * * LOW HITPOINT WARNING * * *
Your air elemental hits Crazy Yiuf.
Crazy Yiuf hits your air elemental with a quarterstaff of chaos.
You are engulfed in raging winds.
A tree falls to the hurricane!
You die...
Your body disappears without a glow.

♣♣ ♣♣♣.♣###
♣♣♣g♣v§#§##
♣..♣E§§§§§##
#.....♣♣♣♣§§@§..#
#)..# ♣♣§#...## ###
♣♣##...# ### #...#
#####.. #...# #......
#######...######......
+.........'...........
#.........######......
########## #......


You could see Crazy Yiuf and a friendly air elemental.

Vanquished Creatures
  2 adders (D:2)
  A giant gecko (D:1)
  An ooze (D:1)
  2 giant cockroaches (D:1)
  6 hobgoblins
  A jackal (D:1)
  5 bats
  2 giant newts (D:1)
  3 goblins (D:1)
  4 kobolds (D:1)
  5 rats
32 creatures vanquished.

Notes
Turn   | Place    | Note
--------------------------------------------------------------
     0 | D:1      | Monkaria, the Minotaur Skald, began the quest for the Orb.
     0 | D:1      | Reached XP level 1. HP: 18/18 MP: 2/2
    53 | D:1      | Reached skill level 3 in Fighting
   104 | D:1      | Reached XP level 2. HP: 16/26 MP: 2/2
   298 | D:1      | Reached skill level 4 in Fighting
   449 | D:2      | Found a sparkling altar of Nemelex Xobeh.
   455 | D:2      | Reached XP level 3. HP: 22/33 MP: 3/3
   460 | D:2      | Found a stormy altar of Qazlal.
   463 | D:2      | Became a worshipper of Nemelex Xobeh the Trickster
   713 | D:2      | Received a gift from Nemelex Xobeh
   713 | D:2      | Noticed Crazy Yiuf
   724 | D:2      | Killed from afar by a twister

Action                   || total
-------------------------++-------
Melee: Falchion          ||    76
Evoke: Deck              ||     1
